 Dungeon Crawl Stone Soup version 0.31.0-1-g2c135a0 (webtiles) character file.

Game seed: 570283254207673611

261870 kaikaun the Unseen (level 19, -11/118 (121) HPs)
             Began as a Kobold Brigand on Apr 16, 2024.
             Was a Believer of Uskayaw.
             Mangled by a spectral alligator snapping turtle (14 damage)
             ... called from beyond by a ghost crab
             ... on level 2 of the Swamp on Apr 18, 2024.
             The game lasted 02:17:37 (33069 turns).

kaikaun the Unseen (Kobold Brigand)                Turns: 33069, Time: 02:17:38

HP:   -11/118 (121) AC: 13    Str: 13    XL:     19   Next: 80%
MP:   27/31         EV: 30    Int: 13    God:    Uskayaw [**....]
Gold: 3436          SH:  8    Dex: 28    Spells: 18/18 levels left

rFire   . . .        a - +5 dagger "Footesath" {elec, ^Drain rC+ rN+ Will+}
rCold   + + +        w - +0 buckler
rNeg    + . .        U - +3 leather armour
rPois   .            I - +1 helmet of Parts Unknown {Will+ Stlth+}
rElec   +            N - scarf {repulsion}
rCorr   .            F - +1 pair of gloves {Str+3}
SInv    .            p - +2 pair of boots of the Gastropod {Fly rElec rC+++ Stlth-}
Will    +++..        G - amulet of the acrobat
Stlth   +++++++++    t - +6 ring of dexterity
HPRegen 0.39/turn    X - +4 ring of slaying
MPRegen 0.22/turn

%: repel missiles, acrobat
@: flying, studying Short Blades, lightly drained
A: small, no large weapons, nightstalker 3
}: 2/15 runes: decaying, gossamer
a: Renounce Religion, Stomp, Line Pass


You were on level 2 of the Swamp.
You worshipped Uskayaw.
Uskayaw was most pleased with you.
You visited 6 branches of the dungeon, and saw 31 of its levels.
You also visited: Sewer, Ossuary and Ice Cave.

You collected 4314 gold pieces.
You spent 878 gold pieces at shops.

Inventory:

Hand Weapons
 a - the +5 dagger "Footesath" (weapon) {elec, ^Drain rC+ rN+ Will+}
   (You found it on level 2 of the Dungeon)

   rC+:       It protects you from cold.
   rN+:       It protects you from negative energy.
   Will+:     It increases your willpower.
   ^Drain:    It drains your maximum health when unequipped.
 j - a +1 quick blade of electrocution
 x - a +1 short sword of electrocution
Missiles
 d - 22 poisoned darts (quivered)
 e - 9 curare-tipped darts
 z - 4 atropa-tipped darts
 D - 5 darts of dispersal
Armour
 p - the +2 pair of boots of the Gastropod (worn) {Fly rElec rC+++ Stlth-}
   (You found it on level 2 of the Dungeon)

   rC+++:     It renders you almost immune to cold.
   rElec:     It insulates you from electricity.
   Fly:       It grants you flight.
   Stlth-:    It makes you less stealthy.
 w - a +0 buckler (worn)
 C - +0 swamp dragon scales
 F - a +1 pair of gloves of strength (worn)
 H - a +0 cloak of willpower
 I - the +1 helmet of Parts Unknown (worn) {Will+ Stlth+}
   (You found it on level 11 of the Dungeon)

   Will+:     It increases your willpower.
   Stlth+:    It makes you more stealthy.
 N - a scarf of repulsion (worn)
 U - a +3 leather armour (worn)
Jewellery
 c - a ring of protection from fire
 f - a +5 ring of evasion
 t - a +6 ring of dexterity (left hand)
 G - an amulet of the acrobat (around neck)
 X - a +4 ring of slaying (right hand)
Talismans
 k - a granite talisman
 Y - a maw talisman
Wands
 b - a wand of mindburst (7)
 h - a wand of flame (27)
 y - a wand of digging (10)
 R - a wand of acid (5)
 W - a wand of charming (11)
Scrolls
 l - 12 scrolls of teleportation
 n - a scroll of fear
 u - 2 scrolls of summoning
 A - 4 scrolls of revelation
 E - 2 scrolls of fog
Potions
 g - 3 potions of resistance
 i - 5 potions of haste
 m - 16 potions of ambrosia
 o - 8 potions of curing
 q - 2 potions of cancellation
 s - 4 potions of heal wounds
 v - a potion of lignification
 J - 4 potions of magic
 L - 2 potions of invisibility
 P - 2 potions of might
Miscellaneous
 r - a phantom mirror
 B - a phial of floods
 S - a box of beasts


   Skills:
 + Level 14.0 Fighting
 + Level 15.5 Short Blades
 - Level 6.0 Throwing
 + Level 14.9 Dodging
 + Level 20.2 Stealth
 + Level 9.7 Shields
 + Level 16.6 Invocations
 + Level 14.4 Evocations
 * Level 4.1 Shapeshifting


You had 18 spell levels left.
You didn't know any spells.
Your spell library contained the following spells:

 Spells                   Type           Power      Damage    Failure   Level
 Magic Dart               Conj           0%         1d3       45%         1
 Summon Small Mammal      Summ           0%         N/A       45%         1
 Blink                    Tloc           0%         N/A       58%         2
 Call Imp                 Summ           0%         N/A       58%         2
 Cigotuvi's Dreadful Rot  Necr/Alch/Air  0%         N/A       58%         2
 Ensorcelled Hibernation  Hex/Ice        0%         N/A       58%         2
 Jinxbite                 Hex            0%         N/A       58%         2
 Mercury Vapours          Alch/Air       0%         N/A       58%         2
 Sublimation of Blood     Necr           0%         N/A       58%         2
 Call Canine Familiar     Summ           0%         N/A       83%         3
 Dazzling Flash           Conj/Hex       0%         N/A       83%         3
 Fugue of the Fallen      Necr           0%         N/A       83%         3
 Mephitic Cloud           Conj/Alch/Air  0%         N/A       83%         3
 Ozocubu's Armour         Ice            0%         N/A       83%         3
 Summon Ice Beast         Ice/Summ       0%         N/A       83%         3
 Tukima's Dance           Hex            0%         N/A       83%         3
 Volatile Blastmotes      Fire/Tloc      0%         2d10      83%         3
 Anguish                  Hex/Necr       0%         N/A       99%         4
 Dimensional Bullseye     Hex/Tloc       0%         N/A       99%         4
 Dispel Undead            Necr           0%         3d6       99%         4
 Iskenderun's Mystic Bla  Conj/Tloc      0%         2d3       99%         4
 Martyr's Knell           Necr/Summ      0%         N/A       99%         4
 Petrify                  Alch/Erth      0%         N/A       99%         4
 Summon Blazeheart Golem  Fire/Summ      0%         N/A       99%         4
 Freezing Cloud           Conj/Ice/Air   0%         6-21      100%        5
 Irradiate                Conj/Alch      0%         3d11      100%        5
 Metabolic Englaciation   Hex/Ice        0%         N/A       100%        5
 Summon Mana Viper        Hex/Summ       0%         N/A       100%        5
 Yara's Violent Unravell  Hex/Alch       0%         3d3       100%        5
 Death Channel            Necr           0%         N/A       100%        6
 Sculpt Simulacrum        Ice/Alch       0%         N/A       100%        6
 Starburst                Conj/Fire      0%         6d3       100%        6
 Enfeeble                 Hex            0%         N/A       100%        7
 Malign Gateway           Summ/Tloc      0%         N/A       100%        7
 Monstrous Menagerie      Summ           0%         N/A       100%        7
 Maxwell's Capacitive Co  Air            0%         ∞         100%        8
 Summon Horrible Things   Summ           0%         N/A       100%        8


Dungeon Overview and Level Annotations

Branches:
Dungeon (15/15)            Temple (1/1) D:7            Lair (5/5) D:9
  Swamp (4/4) Lair:3       Spider (4/4) Lair:3        Slime (0/5) Lair:4
    Orc (2/2) D:9             Elf (0/3) Orc:2        Vaults (0/5) D:13
 Depths (0/4) D:15          Sewer (visited)         Ossuary (visited)
  IceCv (visited)

Altars:
Ashenzari
Cheibriados
Dithmenos
Elyvilon
Fedhas
Gozag
Hepliaklqana
Kikubaaqudgha
Makhleb
Nemelex Xobeh
Okawaru
Qazlal
Ru
Sif Muna
Trog
Uskayaw
Vehumet
Wu Jian
Xom
Yredelemnul
Zin
The Shining One
Jiyva

Shops:
D:2 ?   D:4 *   D:6 *   D:15 ?   Orc:2 (?[?


Innate Abilities, Weirdness & Mutations

You are small and have problems with some larger weapons.
You are completely attuned to the shadows.


Message History

The bunyip is severely wounded.
You are engulfed in spectral mist.
You block the spectral spriggan air mage's attack.
The ghost crab breathes spectral mist at you.
The spectral mist engulfs you.
Unknown command.
You completely miss the bunyip.
The bunyip is severely wounded.
You are engulfed in spectral mist.
The spectral fenstrider witch barely misses you.
The spectral fenstrider witch kicks you.
You partially resist.
You feel drained.
The spectral spriggan air mage misses you.
You hit the bunyip.
The bunyip is severely wounded.
You are engulfed in spectral mist.
The spectral spriggan air mage misses you.
The ghost crab bites you. You partially resist.
You feel drained. The ghost crab completely misses you.
Unknown command.
You puncture the bunyip!
The bunyip is almost dead.
You are engulfed in spectral mist.
The spectral fenstrider witch misses you.
The spectral fenstrider witch closely misses you.
The spectral spriggan air mage closely misses you.
The spectral spriggan air mage completely misses you.
The bunyip claws you!!
* * * LOW HITPOINT WARNING * * *
The bunyip claws you!
* * * LOW HITPOINT WARNING * * *
The bunyip completely misses you.
Aiming: Line Pass
Press: ? - help, Dir - move target The ghost crab appears confused.
You are engulfed in spectral mist.
* * * LOW HITPOINT WARNING * * *
The ghost crab bites itself!
The ghost crab claws itself!
The spectral spriggan air mage completely misses you.
The spectral alligator snapping turtle bites you!
You die...

..~♣...~~.....♣♣
...♣.§~~....~..♣
§~...)~~..~<..~♣
.~~~.~~~...♣♣♣♣♣
♣♣♣~~.♣♣♣♣~.♣
♣♣♣~.~~.♣ ♣~.♣
~~.~~>~♣♣ ♣.~♣♣
....~☼♣♣ ♣~..♣
~~.Z@☼♣ ♣♣♣♣♣
.~~○tZ♣
.~~☼xZ♣♣♣
..○°ZZZ§♣
...~~~°°♣
.~~○°°..♣
.§~~~~..~~
~~~......~
...♣♣♣~~~


You could see a bunyip, a ghost crab (confused), a spectral alligator snapping
turtle (summoned), 3 spectral spriggan air magi and 2 spectral fenstrider
witches.

Vanquished Creatures
  Arachne (Spider:3)
  Jorgrun (D:13)
  Mlioglotl (Spider:4)
  A sphinx (D:15)
  2 tengu reavers (D:15)
  Roxanne (Swamp:4)
  A fenstrider witch (Swamp:4)
  2 fire giants (D:15)
  5 emperor scorpions
  Louise (Swamp:4)
  6 ghost moths
  An orc warlord (D:15)
  A broodmother (Spider:2)
  2 eleionomae
  A stone giant (D:15)
  Nessos (D:15)
  3 bunyips
  4 dire elephants (Lair:5)
  A spark wasp (Spider:4)
  Azrael (Spider:3)
  3 ettins
  Snorg (D:11)
  A shambling mangrove (Swamp:4)
  A yaktaur captain (D:10)
  4 vault guards (D:13)
  The ghost of Dogchiho the Protected, a journeyman MiFi of Okawaru (D:10)
  A fire dragon (D:15)
  3 entropy weavers
  A ghost crab (Swamp:1)
  Erica (D:10)
  16 hydras
  3 jorogumos
  An ice dragon (D:15)
  An ogre mage (D:15)
  9 boulder beetles
  4 alligators
  5 centaur warriors
  2 radroaches (Spider:2)
  4 death scarabs (Spider:4)
  6 two-headed ogres
  6 orc high priests
  A deep troll earth mage (D:15)
  6 demonic crawlers
  4 tengu warriors
  8 spriggans
  A spectral dire elephant (Lair:5)
  Amaemon (D:8)
  Sonja (D:10)
  Nergalle (D:11)
  A skyshark (Lair:3)
  A spectral death yak (Lair:5)
  A flayed ghost (D:14)
  9 pharaoh ants
  A skeletal warrior (D:12)
  A spectral anaconda (Lair:5)
  7 orb spiders
  A deep troll (D:15)
  A glowing orange brain (D:15)
  10 swamp dragons
  An obsidian statue (Lair:5)
  A spectral jorogumo (Spider:4)
  5 spriggan druids (Swamp:4)
  A phantasmal warrior (D:15)
  A deep elf archer (D:13)
  3 necromancers (Lair:5)
  An arcanist (D:13)
  2 deep elf pyromancers
  A spectral wolf spider (Spider:4)
  12 steelbarb worms
  A harpy (D:15)
  8 orc knights
  An oklob plant (Lair:1)
  A wolf spider zombie (Spider:4)
  2 orc sorcerers
  12 wolf spiders
  17 ugly things
  4 cyclopes
  A manticore (D:15)
  5 will-o-the-wisps
  A wolf spider (shapeshifter) (D:15)
  14 elephants
  Maurice (D:10)
  6 meliai
  A meliai (shapeshifter) (D:12)
  7 moths of wrath
  A torpor snail (Spider:2)
  Maggie (D:7)
  5 black mambas
  An orange demon (D:8)
  13 cane toads
  3 ice statues (IceCv)
  6 rime drakes
  An unseen horror (D:11)
  3 gargoyles
  6 spectral redbacks (Spider:4)
  8 komodo dragons
  A kobold demonologist (D:9)
  2 efreet
  A tengu conjurer (D:13)
  5 yaktaurs (D:15)
  2 freezing wraiths
  9 polar bears
  A queen bee (shapeshifter) (D:13)
  10 hornets
  A queen bee (Spider:3)
  24 tarantellas
  7 trolls
  2 bloated husks
  2 spectral culicivoras (Spider:4)
  A spectral tarantella (Spider:4)
  4 spectral jumping spiders (Spider:4)
  A raiju (shapeshifter) (D:14)
  A tarantella zombie (Spider:4)
  5 tyrant leeches
  A jumping spider zombie (Spider:4)
  A culicivora zombie (Spider:4)
  15 dream sheep
  A spectral elephant (Lair:5)
  8 blink frogs (Lair:4)
  23 jumping spiders
  A slime creature (D:14)
  3 centaur simulacra (D:14)
  2 vampires
  18 culicivoras
  A wyvern (Lair:5)
  24 yaks
  4 basilisks
  4 fire elementals (Spider:3)
  2 humans (D:13)
  A warg (Orc:2)
  A steam dragon (Lair:2)
  22 vampire mosquitoes
  52 redbacks
  2 spectral cane toads (Lair:5)
  9 swamp worms
  3 death yak simulacra
  2 harpy simulacra (IceCv)
  4 acid dragons
  22 water moccasins
  4 hell hounds (Spider:3)
  4 swamp drakes
  A meliai simulacrum (D:14)
  An elephant zombie (Lair:5)
  3 ice beasts
  36 orc warriors
  10 black bears
  13 ogres
  A crocodile (Sewer)
  29 wolves
  4 elephant skeletons (Lair:5)
  17 centaurs
  2 kobold brigands
  A bullfrog (shapeshifter) (D:14)
  10 bullfrogs
  A gnoll sergeant (D:9)
  A brain worm (Sewer)
  3 scorpions
  3 water moccasin zombies (Ossuary)
  A burial acolyte (Ossuary)
  10 wights
  3 cane toad simulacra (Lair:5)
  35 killer bees
  2 elephant simulacra
  10 electric eels
  2 howler monkeys (D:9)
  3 lava snakes (Lair:5)
  A bombardier beetle (D:4)
  3 hounds
  33 orc priests
  Crazy Yiuf (D:7)
  6 iguanas
  13 orc wizards
  2 wolf simulacra (IceCv)
  A crocodile zombie (Ossuary)
  A bullfrog simulacrum (Ossuary)
  2 mummies (Ossuary)
  10 gnolls
  5 adders
  A shadow imp (D:7)
  6 white imps
  An ufetubus (D:14)
  2 adder zombies (Ossuary)
  3 ribbon worms
  15 dart slugs
  76 orcs
  6 ball pythons
  12 endoplasms
  5 giant cockroaches
  11 gnoll zombies (Ossuary)
  6 hobgoblins
  6 quokkas
  12 bats
  5 frilled lizards
  9 goblins
  7 jackal zombies (Ossuary)
  14 kobolds
  5 orc zombies (Ossuary)
  5 rats
1125 creatures vanquished.

Vanquished Creatures (collateral kills)
  A demonic crawler (Spider:1)
  A swamp dragon (Swamp:4)
  A torpor snail (Spider:2)
  A tarantella (Spider:4)
  3 redbacks
  A vampire mosquito (D:13)
  A swamp drake (Swamp:4)
  A gnoll sergeant (D:10)
  2 killer bees (Spider:3)
  3 gnolls (D:10)
15 creatures vanquished.

Vanquished Creatures (others)
  An angel (D:7)
  An entropy weaver (Spider:3)
  A hydra (Swamp:4)
  A swamp dragon (Swamp:4)
  A swamp worm (Swamp:4)
  A howler monkey (D:14)
  A kobold (D:10)
  8 foxfires
15 creatures vanquished.

Grand Total: 1155 creatures vanquished

Notes
Turn   | Place    | Note
-------+----------+-------------------------------------------
     0 | D:1      | kaikaun the Kobold Brigand began the quest for the Orb.
     0 | D:1      | Reached XP level 1. HP: 12/12 MP: 1/1
    65 | D:1      | Reached XP level 2. HP: 12/17 MP: 2/2
   216 | D:1      | Found a faded altar of an unknown god.
   613 | D:1      | Reached XP level 3. HP: 21/21 MP: 3/3
   981 | D:2      | Found Uziateog's Magic Scroll Boutique.
   988 | D:2      | Bought a scroll of fear for 44 gold pieces
  1159 | D:2      | Reached skill level 6 in Stealth
  1162 | D:2      | Reached XP level 4. HP: 26/26 MP: 4/4
  1168 | D:2      | Identified the +2 pair of boots of the Gastropod {Fly rElec
                  | rC+++ Stlth-}
  1384 | D:2      | Identified the +5 dagger "Footesath" {elec, ^Drain rC+ rN+
                  | Will+}
  1797 | D:3      | Reached skill level 5 in Short Blades
  2226 | D:3      | Reached XP level 5. HP: 30/30 MP: 5/5
  2618 | D:4      | Found Qaseptai's Overcharged Wands.
  2774 | D:4      | Reached XP level 6. HP: 33/35 MP: 6/6
  2807 | D:4      | Reached skill level 7 in Stealth
  3163 | D:2      | Bought a scroll of fog for 44 gold pieces
  3163 | D:2      | Bought a scroll of revelation for 82 gold pieces
  3163 | D:2      | Bought a scroll of teleportation for 33 gold pieces
  3163 | D:2      | Bought a scroll of blinking for 82 gold pieces
  3388 | D:5      | Entered Level 5 of the Dungeon
  3446 | D:5      | Reached XP level 7. HP: 40/40 MP: 7/7
  3547 | D:5      | Reached skill level 8 in Stealth
  4323 | D:6      | Found Oboch's Assorted Antiques.
  4329 | D:6      | Bought a brightly glowing robe for 131 gold pieces
  4329 | D:6      | Identified the +0 robe "Siolaycs" {rPois Int+4 Dex-5} (You
                  | bought it in a shop on level 6 of the Dungeon)
  4329 | D:6      | Bought a metallic clear potion for 20 gold pieces
  4329 | D:6      | Bought a scroll labelled ETIOPRANLOLA for 23 gold pieces
  4343 | D:6      | Reached XP level 8. HP: 44/44 MP: 8/8
  4363 | D:6      | Found a glowing drain.
  4373 | Sewer    | Entered a sewer
  4419 | Sewer    | Reached skill level 9 in Stealth
  4510 | D:6      | Bought 2 metallic white potions for 41 gold pieces
  4555 | D:6      | Reached skill level 10 in Short Blades
  4727 | D:6      | Identified the +7 falchion "Tiwkarats" {protect, rPois rF-
                  | rC+ rCorr}
  5542 | D:7      | Noticed a hornet
  5554 | D:7      | Killed a hornet
  5555 | D:7      | Reached skill level 10 in Stealth
  5599 | D:7      | Killed an angel
  5693 | D:7      | Found a sand-covered staircase.
  5697 | Ossuary  | Entered an ossuary
  5708 | Ossuary  | Reached skill level 11 in Stealth
  5835 | Ossuary  | Reached XP level 9. HP: 48/48 MP: 9/9
  5986 | D:7      | Reached skill level 1 in Evocations
  5993 | D:7      | Reached skill level 12 in Stealth
  6114 | D:7      | Noticed a cyclops
  6116 | D:7      | Killed a cyclops
  6234 | D:7      | Found a shimmering altar of Xom.
  6249 | D:7      | Found a glowing silver altar of Zin.
  6439 | D:7      | Noticed Maggie
  6441 | D:7      | Killed Maggie
  6628 | D:7      | Found a runed translucent door.
  6631 | D:7      | Noticed Crazy Yiuf
  6636 | D:7      | Killed Crazy Yiuf
  6697 | D:7      | Found a staircase to the Ecumenical Temple.
  6703 | Temple   | Entered the Ecumenical Temple
  6731 | Temple   | Became a worshipper of Uskayaw the Reveller
  6830 | D:8      | Reached * piety under Uskayaw
  6836 | D:8      | Reached ** piety under Uskayaw
  6846 | D:8      | Reached XP level 10. HP: 24/57 MP: 0/10
  6847 | D:8      | Reached skill level 1 in Invocations
  6849 | D:8      | Reached *** piety under Uskayaw
  7224 | D:8      | Noticed an orange demon
  7227 | D:8      | Noticed Amaemon
  7228 | D:8      | Killed an orange demon
  7229 | D:8      | Reached skill level 13 in Stealth
  7232 | D:8      | Killed Amaemon
  7233 | D:8      | Reached skill level 5 in Fighting
  7233 | D:8      | Reached skill level 5 in Throwing
  7233 | D:8      | Reached skill level 5 in Dodging
  7425 | D:8      | Found a basalt altar of Yredelemnul.
  7428 | D:8      | Found a broken altar of Ashenzari.
  7433 | D:8      | Found a stormy altar of Qazlal.
  7690 | D:9      | Found a staircase to the Lair.
  7713 | D:9      | Reached skill level 5 in Evocations
  7714 | D:9      | Reached **** piety under Uskayaw
  7718 | D:9      | Reached ***** piety under Uskayaw
  7746 | D:9      | Reached ****** piety under Uskayaw
  7978 | D:9      | Found a staircase to the Orcish Mines.
  8139 | D:9      | Reached XP level 11. HP: 50/64 MP: 14/14
  8141 | D:9      | Reached skill level 5 in Invocations
  8930 | D:10     | Entered Level 10 of the Dungeon
  8930 | D:10     | Noticed Maurice
  8931 | D:10     | Killed Maurice
  8974 | D:10     | Noticed a two-headed ogre
  8978 | D:10     | Killed a two-headed ogre
  8979 | D:10     | Reached skill level 1 in Shields
  9151 | D:10     | Noticed a two-headed ogre
  9155 | D:10     | Killed a two-headed ogre
  9156 | D:10     | Reached skill level 14 in Stealth
  9198 | D:10     | Noticed Erica
  9210 | D:10     | Killed Erica
  9259 | D:10     | Noticed Sonja
  9313 | D:10     | Killed Sonja
  9390 | D:10     | Found a runed translucent door.
  9390 | D:10     | Noticed a yaktaur captain
  9391 | D:10     | Noticed Dogchiho's ghost (journeyman MiFi)
  9395 | D:10     | Killed a yaktaur captain
  9396 | D:10     | Reached XP level 12. HP: 71/71 MP: 17/17
  9397 | D:10     | Killed Dogchiho's ghost
  9670 | D:11     | Noticed Nergalle
  9672 | D:11     | Killed Nergalle
  9723 | D:11     | Noticed Snorg
  9736 | D:11     | Killed Snorg
  9944 | D:11     | Identified the +1 helmet of Parts Unknown {Will+ Stlth+}
 10871 | D:12     | Noticed a two-headed ogre
 10879 | D:12     | Killed a two-headed ogre
 10950 | D:12     | Found a frozen archway.
 10961 | IceCv    | Entered an ice cave
 10984 | IceCv    | Reached skill level 15 in Stealth
 11434 | D:12     | Reached XP level 13. HP: 78/78 MP: 20/20
 11947 | D:12     | Reached skill level 10 in Invocations
 12187 | D:13     | Noticed Jorgrun
 12218 | D:13     | Killed Jorgrun
 12331 | D:13     | Noticed a centaur warrior
 12335 | D:13     | Killed a centaur warrior
 12440 | D:13     | Noticed an eight-headed hydra
 12444 | D:13     | Killed an eight-headed hydra
 12473 | D:13     | Noticed a centaur warrior
 12484 | D:13     | Killed a centaur warrior
 12993 | D:13     | Noticed a vault guard
 13009 | D:13     | Killed a vault guard
 13089 | D:13     | Noticed a vault guard
 13109 | D:13     | Killed a vault guard
 13200 | D:13     | Noticed a vault guard
 13203 | D:13     | Killed a vault guard
 13304 | D:13     | Found a gate to the Vaults.
 13304 | D:13     | Noticed a vault guard
 13477 | Lair:1   | Entered Level 1 of the Lair of Beasts
 13562 | Lair:2   | Reached XP level 14. HP: 86/86 MP: 22/22
 13605 | Lair:3   | Found a hole to the Spider Nest.
 13679 | Lair:4   | Reached skill level 5 in Shields
 13681 | Lair:4   | Found a viscous altar of Jiyva.
 13684 | Lair:4   | Reached skill level 16 in Stealth
 13789 | Lair:5   | Entered Level 5 of the Lair of Beasts
 14004 | Lair:5   | Noticed a dire elephant
 14005 | Lair:5   | Noticed a dire elephant
 14005 | Lair:5   | Noticed a dire elephant
 14042 | Lair:5   | Reached skill level 10 in Dodging
 14187 | Lair:5   | Noticed a dire elephant
 14191 | Lair:5   | Killed a dire elephant
 14410 | Lair:5   | Killed a dire elephant
 14411 | Lair:5   | Killed a dire elephant
 14433 | Lair:5   | Killed a dire elephant
 14451 | Lair:5   | Got an earthy gem with 2865 turns to spare
 14618 | Lair:5   | Found a hide-covered altar of Uskayaw.
 14699 | Lair:5   | Reached skill level 10 in Evocations
 14810 | Lair:5   | Reached skill level 10 in Fighting
 15541 | Lair:4   | Found a staircase to the Slime Pits.
 16034 | Lair:4   | Reached XP level 15. HP: 84/92 MP: 19/24
 16430 | Lair:3   | You are sucked into a shaft and drop 1 floor!
 16892 | Lair:3   | Found a staircase to the Swamp.
 18055 | Lair:2   | Reached skill level 17 in Stealth
 18768 | Lair:1   | Identified the +3 spear of Zydi {flame, ^Fragile rF+ Dex+4}
 19346 | Orc:1    | Entered Level 1 of the Orcish Mines
 19918 | Orc:2    | Entered Level 2 of the Orcish Mines
 19919 | Orc:2    | Found a staircase to the Elven Halls.
 19928 | Orc:2    | Found Urryih's Magic Scroll Boutique.
 19947 | Orc:2    | Bought a scroll of torment for 114 gold pieces
 19947 | Orc:2    | Bought a scroll of noise for 12 gold pieces
 20963 | Orc:2    | Reached XP level 16. HP: 70/99 MP: 26/26
 21377 | Orc:2    | Found Gelep's Jewellery Boutique.
 21377 | Orc:2    | Found Plog's Armour Boutique.
 21378 | Orc:2    | Found Hetzu's Weapon Boutique.
 21379 | Orc:2    | Found Keqoar's Magic Scroll Shop.
 21385 | Orc:2    | Bought a scroll of silence for 114 gold pieces
 21385 | Orc:2    | Bought a scroll of enchant armour for 90 gold pieces
 21385 | Orc:2    | Bought a scroll of amnesia for 48 gold pieces
 22874 | D:14     | Found a runed translucent door.
 23440 | D:15     | Entered Level 15 of the Dungeon
 23915 | D:15     | Found Bic Jaur's Magic Scroll Shop.
 23926 | D:15     | Found a huge runed translucent gate.
 23926 | D:15     | Found a huge runed translucent gate.
 23927 | D:15     | Found a huge runed translucent gate.
 23928 | D:15     | Found a huge runed translucent gate.
 23929 | D:15     | Found a huge runed translucent gate.
 23930 | D:15     | Found a huge runed translucent gate.
 23931 | D:15     | Found a huge runed translucent gate.
 23932 | D:15     | Found a huge runed translucent gate.
 23942 | D:15     | Found a huge runed translucent gate.
 23942 | D:15     | Found a huge runed translucent gate.
 23972 | D:15     | Found a huge runed translucent gate.
 23972 | D:15     | Found a huge runed translucent gate.
 23972 | D:15     | Found a huge runed translucent gate.
 23974 | D:15     | Found a huge runed translucent gate.
 23974 | D:15     | Found a huge runed translucent gate.
 23974 | D:15     | Found a huge runed translucent gate.
 24014 | D:15     | Found a huge runed translucent gate.
 24015 | D:15     | Found a huge runed translucent gate.
 24016 | D:15     | Found a huge runed translucent gate.
 24016 | D:15     | Found a huge runed translucent gate.
 24017 | D:15     | Found a huge runed translucent gate.
 24021 | D:15     | Found a huge runed translucent gate.
 24022 | D:15     | Found a huge runed translucent gate.
 24023 | D:15     | Found a huge runed translucent gate.
 24024 | D:15     | Found a huge runed translucent gate.
 24025 | D:15     | Found a huge runed translucent gate.
 24026 | D:15     | Found a huge runed translucent gate.
 24027 | D:15     | Found a huge runed translucent gate.
 24027 | D:15     | Found a huge runed translucent gate.
 24029 | D:15     | Found a huge runed translucent gate.
 24030 | D:15     | Found a huge runed translucent gate.
 24223 | D:15     | Identified the +4 pair of boots of the Volcano {rPois rC+}
 24291 | D:15     | Reached skill level 18 in Stealth
 24438 | D:15     | Noticed Nessos
 24442 | D:15     | Killed Nessos
 24443 | D:15     | Reached XP level 17. HP: 106/106 MP: 28/28
 24574 | D:15     | Found a huge runed translucent gate.
 24575 | D:15     | Found a huge runed translucent gate.
 24576 | D:15     | Found a huge runed translucent gate.
 24577 | D:15     | Found a huge runed translucent gate.
 24585 | D:15     | Found a huge runed translucent gate.
 24662 | D:15     | Found a staircase to the Depths.
 24720 | D:15     | Noticed a sphinx
 24720 | D:15     | Noticed a tengu reaver
 24720 | D:15     | Noticed a tengu reaver
 24725 | D:15     | Killed a sphinx
 24727 | D:15     | Reached skill level 15 in Invocations
 24727 | D:15     | Killed a tengu reaver
 24730 | D:15     | Killed a tengu reaver
 24970 | D:15     | Identified the +2 pair of boots "Roarrai" {Slay+6 SInv}
 25195 | Spider:1 | Entered Level 1 of the Spider Nest
 25283 | Spider:4 | Entered Level 4 of the Spider Nest
 25295 | Spider:4 | Identified the staff of Karma {*Corrode rF+ Dex+3 Conj}
 25590 | Spider:4 | HP: 4/108 [wolf spider (6)]
 25728 | Spider:4 | Noticed Mlioglotl
 25747 | Spider:4 | Killed Mlioglotl
 25769 | Spider:4 | HP: 5/108 [redback (12)]
 25999 | Spider:4 | Reached XP level 18. HP: 98/113 MP: 22/29
 26004 | Spider:4 | Reached skill level 19 in Stealth
 26016 | Spider:4 | Got a milky-white gem with 1651 turns to spare
 26052 | Spider:4 | Got a gossamer rune of Zot
 26750 | Spider:3 | Noticed Azrael
 26756 | Spider:3 | Killed Azrael
 27445 | Spider:3 | Noticed Arachne
 27464 | Spider:3 | Killed Arachne
 28183 | Spider:2 | HP: 5/114 [something (11)]
 28183 | Spider:2 | HP: 1/114 [something (4)]
 30062 | Spider:1 | Reached XP level 19. HP: 120/120 MP: 31/31
 30387 | Spider:1 | Reached skill level 1 in Shapeshifting
 31045 | Spider:1 | Reached skill level 15 in Short Blades
 31290 | Swamp:1  | Entered Level 1 of the Swamp
 32016 | Swamp:4  | Entered Level 4 of the Swamp
 32019 | Swamp:4  | Noticed Roxanne
 32029 | Swamp:4  | Killed Roxanne
 32040 | Swamp:4  | Reached skill level 20 in Stealth
 32099 | Swamp:4  | HP: 4/120 [constriction (17)]
 32264 | Swamp:4  | Identified a scroll of acquirement
 32274 | Swamp:4  | Acquired a manual of Short Blades
 32281 | Swamp:4  | Acquired a +1 quick blade of electrocution
 32346 | Swamp:4  | Got a mossy gem with 833 turns to spare
 32348 | Swamp:4  | Got a decaying rune of Zot
 32829 | Swamp:4  | Noticed Louise
 32834 | Swamp:4  | Killed Louise
 33069 | Swamp:2  | HP: 3/118 [ghost crab] (13)]
 33069 | Swamp:2  | Mangled by a spectral alligator snapping turtle

Illustrated notes

Levels and vault maps discovered:
D:1:      co_arrival_random_square_maze, layout_loops_ring,
          shapermc_ecumenical_altar_totnotflames
D:2:      layout_basic, serial_shops, nicolae_shop_gibbet_a_chance,
          minivault_14, solitary_fountain, chequers_serial_rivers_marsh,
          st_stairs_1, minmay_pentomino_pile
D:3:      layout_loops_ring
D:4:      layout_basic, nicolae_shop_overcharged_wands
D:5:      kennysheep_slugbush, layout_basic, nrook_loot_triangle
D:6:      layout_basic, serial_shops, nicolae_shop_just_a_little_nook,
          portal_sewer_entry_a
D:7:      layout_loops_corners, grunt_temple_overflow_order_and_chaos_1,
          temple_statues, enter_ossuary_5, uniq_maggie, uniq_crazy_yiuf_cottage
D:8:      layout_rooms, minmay_overflow_temple_star_quad, uniq_amaemon
D:9:      layout_loops_corners, due_lair_maze_entry_diamond, orc_0_dummy
D:10:     layout_roguey, ebering_ghost_inner_flame, uniq_sonja, uniq_maurice,
          uniq_erica
D:11:     kennysheep_big_flooded_room, layout_basic, uniq_nergalle, uniq_snorg
D:12:     minmay_blocky_corners, layout_long_grid,
          portal_ice_cave_entry_pillars_2, abandoned_shop, minmay_holes
D:13:     layout_long_grid, grunt_vaults_entry_fortified, special_room
          [special_room_orc], uniq_jorgrun
D:14:     layout_long_grid, minivault_25, serial_ice, serial_ice_e,
          serial_ice_b, serial_ice_k, serial_ice_f, serial_ice_h, serial_ice_a,
          serial_ice_n, lightli_airlock
D:15:     grunt_enter_depths_hoard, layout_irregular_city, serial_shops,
          nicolae_shop_trees, nrook_mini_backslash, door_vault, uniq_nessos
Temple:   bh_familiar_temple
Lair:1:   layout_roguey, minmay_lair_oklob_items
Lair:2:   layout_cave_pods, chequers_serial_rivers_marsh
Lair:3:   beast_lair_carwin_large_3, layout_cave_shapes,
          minmay_swamp_entry_swarm, dummy_spider_entry, grunt_megastairs_2,
          lemuel_fruit_tree
Lair:4:   layout_long_grid, slime_entry_1
Lair:5:   due_jungle_book, layout_regular_city, basic_altar,
          nicolae_lair_liquid_snakes
Swamp:1:  layout_falls_marsh, nicolae_swamp_feature_on_the_river_bank
Swamp:2:  layout_basic_swamp, hangedman_swamp_ruin_wall
Swamp:3:  layout_basic_swamp, evilmike_swamp_ruin_house_1, swamp_pool_1_2,
          st_swamp_ruins_2, nicolae_swamp_decorative_isthmus,
          nicolae_swamp_tree_isthmus
Swamp:4:  swamp_alternative, layout_basic_swamp, uniq_louise, uniq_roxanne
Spider:1: layout_chambers
Spider:2: layout_spider_delve
Spider:3: layout_spider_delve, special_room [special_room_bee], uniq_arachne,
          uniq_azrael
Spider:4: floodkiller_spider_rune_tomb, guppyfry_hornet_nest, uniq_mlioglotl
Orc:1:    layout_caves
Orc:2:    st_orc_pillars, layout_diamond_mine, serial_shops, shop_statue

Skill      XL: |  1  2  3  4  5  6  7  8  9 10 11 12 13 14 15 16 17 18 19 |
---------------+----------------------------------------------------------+-----
Short Blades   | 3 4 5 6 7 9 10 11 12 13 14 15 | 15.5
Stealth        | 6 7 8 11 12 13 14 15 16 17 18 19 20 | 20.2
Evocations     | 3 5 6 8 9 10 11 13 14 | 14.4
Dodging        | 4 5 7 8 9 10 11 12 13 14 | 14.9
Fighting       | 4 5 6 8 9 10 11 12 13 14 | 14.0
Throwing       | 4 5 6 |  6.0
Invocations    | 4 7 9 11 12 13 14 15 16 | 16.6
Shields        | 2 3 4 5 6 7 8 9 |  9.7
Shapeshifting  | 4 |  4.1

Action                     |  1- 3 |  4- 6 |  7- 9 | 10-12 | 13-15 | 16-18 | 19-21 || total
---------------------------+-------+-------+-------+-------+-------+-------+-------++-------
  Melee: Dagger            |    59 |    98 |   233 |   447 |  1095 |  1127 |   309 ||  3368
         Punch             |       |     1 |       |     2 |       |       |       ||     3
  Throw: Dart              |       |     1 |     6 |     1 |     4 |     8 |       ||    20
 Invoke: Stomp             |       |       |     3 |     9 |    25 |    29 |     4 ||    70
         Line Pass         |       |       |       |    16 |    33 |    44 |    19 ||   112
         Grand Finale      |       |       |       |       |       |     2 |     2 ||     4
  Evoke: Wand              |       |       |     3 |     2 |     6 |    55 |    10 ||    76
         Phial of floods   |       |       |       |       |       |     1 |       ||     1
         Phantom mirror    |       |       |       |       |       |     1 |       ||     1
    Use: Scroll            |     3 |     4 |     3 |     3 |     8 |     9 |     7 ||    37
         Potion            |       |       |       |       |       |     3 |     8 ||    11
   Stab: Sleeping          |    23 |    24 |    38 |    32 |    78 |    86 |    31 ||   312
         Distracted        |       |     1 |       |     3 |     7 |    17 |     7 ||    35
         Paralysed         |       |       |       |    25 |    70 |    67 |    26 ||   188
         Confused          |       |       |       |     8 |    20 |    36 |    12 ||    76
         Betrayed ally     |       |       |       |       |       |     1 |       ||     1
 Armour: Robe              |    13 |    24 |    75 |   142 |    40 |       |       ||   294
         Leather armour    |       |       |       |       |   174 |   290 |   138 ||   602
  Dodge: Dodged            |    20 |    23 |   111 |   360 |   650 |  1016 |   358 ||  2538
         Repelled          |       |       |       |       |       |       |     4 ||     4
  Block: Buckler           |       |       |       |    72 |   280 |   381 |   118 ||   851
